 Dungeon Crawl Stone Soup version 0.26-a0-1177-g1209ec82b9 (webtiles) character file.

Game seed: 10575943206503969928

180 sahdkjhfkaj the Fighter (level 5, -2/63 HPs)
             Began as an Ogre Delver on Dec 25, 2020.
             Slain by an adder zombie (3 damage)
             ... on level 5 of the Dungeon.
             The game lasted 00:01:34 (1733 turns).

sahdkjhfkaj the Fighter (Ogre Delver)               Turns: 1733, Time: 00:01:34

Health: -2/63      AC:  3    Str: 17    XL:     5   Next: 60%
Magic:  5/5        EV: 10    Int: 11    God:
Gold:   5          SH:  0    Dex: 10    Spells: 4/4 levels left

rFire    . . .     SeeInvis .   a - +0 spear
rCold    . . .     Faith    .   (no shield)
rNeg     . . .     Spirit   .   b - +0 robe
rPois    .         Reflect  .   (helmet restricted)
rElec    .         Harm     .   (no cloak)
rCorr    .         Rampage  .   (gloves unavailable)
Will     .....                  (boots unavailable)
Stlth    ++........             (no amulet)
HPRegen  0.20/turn              (no ring)
MPRegen  0.09/turn              (no ring)

@: no status effects
A: large, unfitting armour, tough skin 1
a: no special abilities


You were on level 5 of the Dungeon.
You visited 1 branch of the dungeon, and saw 2 of its levels.

You collected 5 gold pieces.

Inventory:

Hand Weapons
 a - a +0 spear (weapon)
Armour
 b - a +0 robe (worn)
Wands
 g - a wand of digging (3)
Scrolls
 c - a scroll of fog
 d - a scroll of magic mapping


   Skills:
 + Level 8.1 Fighting
 - Level 2.0 Polearms
 - Level 1.7 Dodging
 - Level 3.7 Stealth


You had 4 spell levels left.
You didn't know any spells.
Your spell library was empty.

Dungeon Overview and Level Annotations

Branches:
Dungeon (6/15)
 Temple: D:4-7

Altars:


Innate Abilities, Weirdness & Mutations

You are too large for most types of armour.
You have tough skin. (AC +1)


Message History

You are too injured to fight recklessly!
You are too injured to fight recklessly!
You are too injured to fight recklessly!
You are too injured to fight recklessly!
The iguana bites you. The adder zombie completely misses you.
You climb downwards.
There is a stone staircase leading up, spattered with blood here.
You hit the iguana.
The iguana is moderately wounded.
The iguana bites you!
* * * LOW HITPOINT WARNING * * *
You closely miss the iguana.
The iguana is moderately wounded.
The iguana bites you!
* * * LOW HITPOINT WARNING * * *
You aren't carrying any potions.
As you read the scroll of fear, it crumbles to dust.
You assume a fearsome visage.
The iguana looks frightened!
You climb upwards.
The adder zombie bites you.
You die...

......# ..#.#
......####
#.#.#
..........
#.#.# ......###
#...# .Z..Z†.#
##..#
..l....####
#..#
####...O..#
#..#
#...##.######.#
#...#......).@#
##.##.......Z.#
#.##.........#
#.##.........#
#.##........##
o.##........#
####........#
#......(####
#......##


You could see an adder zombie.

Vanquished Creatures
  An ogre (D:6)
  A jelly (D:5)
  A bullfrog skeleton (D:5)
  3 gnolls
  A leopard gecko (D:5)
  4 jackals
  A quokka (D:5)
12 creatures vanquished.

Notes
Turn   | Place    | Note
-------+----------+-------------------------------------------
     0 | D:5      | sahdkjhfkaj the Ogre Delver began the quest for the Orb.
     0 | D:5      | Reached XP level 1. HP: 24/24 MP: 1/1
    19 | D:5      | HP: 1/24 [gnoll/+0 spear (5)]
   524 | D:6      | Reached XP level 2. HP: 5/33 MP: 2/2
   898 | D:6      | Reached skill level 5 in Fighting
  1161 | D:5      | Reached XP level 3. HP: 20/44 MP: 3/3
  1357 | D:5      | Noticed an ogre
  1372 | D:5      | Reached skill level 6 in Fighting
  1372 | D:5      | Reached XP level 4. HP: 34/53 MP: 4/4
  1381 | D:5      | HP: 1/53 [ogre/+0 giant spiked club (8)]
  1430 | D:6      | Killed an ogre
  1431 | D:6      | Reached skill level 7 in Fighting
  1431 | D:6      | Reached XP level 5. HP: 4/63 MP: 5/5
  1726 | D:5      | Reached skill level 8 in Fighting
  1730 | D:6      | HP: 1/63 [iguana (12)]
  1733 | D:5      | Slain by an adder zombie

Illustrated notes

Levels and vault maps discovered:
D:5:      layout_basic, uniq_eustachio, uniq_duvessa
D:6:      layout_basic, minmay_temple_entry_drinking_statues, dk_noncrumbling_2,
          grunt_dithmenos_smoke, uniq_blork_the_orc, uniq_prince_ribbit1,
          uniq_maggie

Skill      XL: |  1  2  3  4  5 |
---------------+----------------+-----
Fighting       | 5 6 7 8 |  8.1
Polearms       | |  2.0
Dodging        | |  1.7
Stealth        | |  3.7

Action                   |  1- 3 |  4- 6 || total
-------------------------+-------+-------++-------
Melee: Spear             |    60 |    33 ||    93
  Use: Potion            |     1 |       ||     1
       Scroll            |       |     1 ||     1
 Stab: Sleeping          |     2 |       ||     2
Armor: Robe              |    14 |     3 ||    17
Dodge: Dodged            |    33 |    12 ||    45

Table legend: (Time is in decaauts)
 A = Elapsed time spent in this place.
 B = Non-inter-level travel time spent in this place.
 C = Inter-level travel time spent in this place.
 D = Time resting spent in this place.
 E = Time spent auto-exploring this place.
 F = Levels seen in this place.
 G = Mean time per level.
                   A        B        C        D        E       F      G
               +--------+--------+--------+--------+--------+-----+--------+
         Total |   1719 |   1719 |      0 |   1350 |    197 |   2 |  859.5 |
       Dungeon |   1719 |   1719 |      0 |   1350 |    197 |   2 |  859.5 |
               +--------+--------+--------+--------+--------+-----+--------+

Top non-repeatable levels by time:
     D:6: 1398 daAuts
     D:5: 320 daAuts
